 Dungeon Crawl Stone Soup version 0.14.2 (webtiles) character file.

78 Amnesiac the Charlatan (level 3, -1/18 HPs)
             Began as a Spriggan Artificer on Feb 11, 2018.
             Slain by a gnoll shaman
             ... wielding a +0,+0 whip
              (7 damage)
             ... while paralysed by a giant eyeball
             ... on Level 4 of the Dungeon.
             The game lasted 00:03:53 (764 turns).

Amnesiac the Charlatan (Spriggan Artificer)          Turns: 764, Time: 00:03:53

HP  -1/18        AC  2     Str  8      XL: 3   Next:  0%
MP   8/8         EV  4     Int 13      God:
Gold 50          SH  0     Dex 16      Spells:  0 memorised,  2 levels left

rFire  . . .     SeeInvis +     q - -1,-3 dagger (curse)
rCold  . . .     Clarity  .     e - +0 robe
rNeg   . . .     Conserve .     (shield restricted)
rPois  .         rCorr    .     (helmet restricted)
rElec  .         rRot     .     (no cloak)
SustAb . .       Spirit   .     (gloves unavailable)
rMut   .         Warding  .     (boots unavailable)
Saprov . . .     Stasis   .     (no amulet)
MR     .....                    (no ring)
                                (no ring)

@: paralysed, very quick, not resistant to hostile enchantments, fairly stealthy
A: unfitting armour, see invisible, herbivore 3, speed 3, slow metabolism 2
a: no special abilities


You were on level 4 of the Dungeon.
You were not hungry.

You visited 1 branch of the dungeon, and saw 4 of its levels.

You collected 50 gold pieces.

Inventory:

Hand weapons
 a - a +0,+0 short sword
 j - a cursed -3,+0 sling
 o - a +0,+0 bow
 q - a cursed -1,-3 dagger (weapon)
Missiles
 i - 3 needles of confusion
 p - 14 poisoned needles
Armour
 e - a +0 robe (worn)
Magical devices
 b - a wand of flame (15)
 c - a wand of enslavement (15)
 d - a wand of random effects (15)
 n - a wand of enslavement (10)
Comestibles
 h - 2 bread rations
 m - an apple
 r - a meat ration
Scrolls
 g - a scroll of blinking {!r, unknown}
Potions
 f - a potion of porridge {!q}
 k - a potion of might {!q, unknown}
 l - a potion of heal wounds {!q, unknown}


   Skills:
 - Level 1.0 Fighting
 - Level 2.9 Short Blades
 - Level 3.0 Dodging
 + Level 2.3 Stealth
 - Level 4.0 Evocations


You had 2 spell levels left.
You didn't know any spells.

Dungeon Overview and Level Annotations

Branches:
Dungeon (4/15)
 Temple: D:4-7

Altars:


Innate Abilities, Weirdness & Mutations

You are tiny and cannot use many weapons and most armour.
You have supernaturally acute eyesight.
You are a herbivore.
You cover ground extremely quickly.
You need consume almost no food.


Message History

You closely miss the giant newt. The giant newt misses you.
You hit the giant newt.
You kill the giant newt!
You have reached level 3!
Your experience leads to an increase in your attributes!
Increase (S)trength, (I)ntelligence, or (D)exterity?
You feel stronger.
There is a stone staircase leading down here.
You climb downwards.
Found two items.
Found a stone staircase leading down.
There is a stone staircase leading up here.
g - a scroll labeled FUOLOCUMESS {!r} A bat comes into view.
A gnoll comes into view. It is wielding a club.
Found a cloak and an oily orange potion. 2 gnolls and a gnoll shaman come into view.
The gnoll shouts!
A hobgoblin and a gnoll come into view.
The hobgoblin shouts!
The gnoll shouts!
The gnoll shouts!
The bat closely misses you.
A gnoll comes into view. It is wielding a spear.
The bat hits you.
You see here a pink potion {!q}.
k - a pink potion {!q} The bat completely misses you.
Found a bow.
The bat misses you. The bat hits you but does no damage. The bat misses you.
The bat closely misses you. The bat barely misses you.
The bat closely misses you.
Things that are here:
a bow; a meat ration
o - a bow;
r - a meat ration The bat closely misses you.
The bat completely misses you. The bat completely misses you.
The bat barely misses you. The bat barely misses you. The bat misses you.
The bat hits you.
The gnoll shouts!
The bat misses you. The bat barely misses you. The bat hits you.
The bat hits you but does no damage.
There is a stone staircase leading down here.
The gnoll shaman shouts!
The bat hits you but does no damage.
The gnoll shouts!
The bat misses you.
A giant eyeball comes into view.
The giant eyeball turns its gaze towards you.
The gnoll hits you from afar with a spear.
* * * LOW HITPOINT WARNING * * *
The gnoll shaman calls down the wrath of its god upon you.
You resist. The giant eyeball stares at you.
You suddenly lose the ability to move!
The gnoll hits you but does no damage. The bat hits you but does no damage. x3
The gnoll hits you from afar with a spear.
* * * LOW HITPOINT WARNING * * *
The gnoll shaman hits you with a whip!
You die...

####.........###
#..............##
##...............#
##...<...........##
##.>..g..........##
##....g..........##
##.#..ggg........##
#.....b..........#
##....@...........#
###.#gg.............
###....G.......#.#
#.......[!...##
..............
.............
.......... #......
...


You could see a gnoll shaman, a giant eyeball, 5 gnolls, a hobgoblin and a bat.

Vanquished Creatures
  An adder (D:2)
  An ooze (D:3)
  An orc (D:3)
  A ball python (D:3)
  A goblin (D:2)
  3 hobgoblins
  A quokka (D:3)
  2 bats
  A giant cockroach (D:2)
  2 giant newts
  A kobold (D:2)
  3 rats
18 creatures vanquished.

Vanquished Creatures (collateral kills)
  A goblin (D:3)
1 creature vanquished.

Grand Total: 19 creatures vanquished

Notes
Turn   | Place    | Note
--------------------------------------------------------------
     0 | D:1      | Amnesiac, the Spriggan Artificer, began the quest for the Orb.
     0 | D:1      | Reached XP level 1. HP: 9/9 MP: 2/2
    90 | D:1      | Reached skill level 1 in Fighting
   334 | D:2      | Reached XP level 2. HP: 14/14 MP: 5/5
   727 | D:3      | Reached XP level 3. HP: 18/18 MP: 8/8
   763 | D:4      | Paralysed by a giant eyeball for 2 turns
   764 | D:4      | Slain by a gnoll shaman

Action                   || total
-------------------------++-------
Melee: Short sword       ||    62
       Dagger            ||     2
Evoke: Wand              ||     1
  Use: Scroll            ||     3
 Stab: Sleeping          ||     3
